Map: Newkirk Precinct TE (Void)

Players

Classic - Winner!

  • Race: Protoss Protoss
  • League: Grandmaster
  • Spawn Location: 5:00

soO

  • Race: Zerg Zerg
  • League: Grandmaster
  • Spawn Location: 7:00

Event: Polygon Gaming Invitational 7

VOD

Have the link to the VOD?

Description

Time

  • Played on: Jan. 14, 2017, 1:53 p.m.
  • Length: 16:24

All games in this series

Show
View Real Time Build Order
Export as new Build Order

Classic Protoss - Winner!

Build Orders: Oracle Opening 

Get SALT Encoding   

  12  0:00  Probe (Chrono Boost)  
  13  0:11  Probe (Chrono Boost)  
  14  0:19  Pylon  
  14  0:22  Probe (Chrono Boost)  
  15  0:37  Probe (Chrono Boost)  
  15  0:38  Gateway  
  16  0:44  Assimilator  
  16  0:48  Probe (Chrono Boost)  
  17  0:58  Probe (Chrono Boost)  
  18  1:09  Probe (Chrono Boost)  
  19  1:19  Probe (Chrono Boost)  
  19  1:25  Zealot  
  20  1:31  Pylon  
  20  1:32  Assimilator  
  22  1:36  Cybernetics Core  
  22  1:37  Probe (Chrono Boost)  
  23  1:48  Zealot  
  23  1:51  Probe (Chrono Boost)  
  27  2:03  Probe (Chrono Boost)  
  27  2:14  Stargate  
  28  2:16  Probe (Chrono Boost)  
  28  2:18  Stalker  
  28  2:19  Pylon  
  30  2:30  Warp Gate  
  31  2:38  Probe (Chrono Boost)  
  31  2:50  Nexus  
  31  2:54  Oracle  
  31  3:04  Probe (Chrono Boost)  
  35  3:10  Pylon  
  35  3:16  Probe (Chrono Boost)  
  36  3:25  Oracle  
  36  3:30  Probe (Chrono Boost)  
  41  3:42  Probe (Chrono Boost)  
  41  3:49  Gateway  
  41  3:51  Gateway  
  41  3:54  Probe (Chrono Boost)  
  42  4:03  Probe (Chrono Boost)  
  42  4:05  Probe (Chrono Boost)  
  44  4:13  Probe (Chrono Boost), Pylon  
  44  4:16  Mothership Core (Chrono Boost)  
  48  4:24  Probe (Chrono Boost)  
  48  4:34  Probe x2 (Chrono Boost)  
  50  4:44  Probe (Chrono Boost)  
  50  4:45  Probe (Chrono Boost)  
  52  4:46  Sentry x2  
  52  4:47  Adept  
  58  4:53  Pylon  
  58  4:56  Probe x2 (Chrono Boost)  
  60  5:01  Nexus  
  60  5:10  Probe (Chrono Boost)  
  61  5:19  Probe (Chrono Boost)  
  61  5:20  Assimilator  
  61  5:21  Probe (Chrono Boost)  
  63  5:22  Twilight Council  
  63  5:24  Forge  
  63  5:26  Pylon, Assimilator  
  63  5:30  Probe (Chrono Boost)  
  63  5:31  Probe (Chrono Boost), Zealot  
  67  5:40  Probe (Chrono Boost)  
  67  5:42  Probe (Chrono Boost)  
  69  5:50  Robotics Facility  
  69  5:53  Probe x2 (Chrono Boost)  
  69  5:54  Robotics Facility  
  71  5:59  Pylon  
  71  6:04  Probe x2 (Chrono Boost)  
  73  6:05  Zealot x3  
  67  6:14  Probe x2 (Chrono Boost)  
  67  6:17  Probe (Chrono Boost)  
  70  6:19  Protoss Ground Weapons Level 1  
  70  6:25  Probe x2 (Chrono Boost)  
  72  6:27  Templar Archives  
  72  6:30  Pylon  
  72  6:33  Probe (Chrono Boost)  
  72  6:35  Probe x2 (Chrono Boost)  
  72  6:36  Zealot, Sentry  
  72  6:37  Zealot  
  81  6:42  Observer x2  
  81  6:44  Probe (Chrono Boost)  
  81  6:46  Probe x2 (Chrono Boost)  
  83  6:56  Probe x2 (Chrono Boost), Assimilator  
  83  6:57  Probe (Chrono Boost), Assimilator  
  86  7:06  Gateway  
  86  7:07  Gateway  
  83  7:09  Gateway  
  83  7:13  Probe x2 (Chrono Boost)  
  83  7:14  Probe (Chrono Boost)  
  76  7:16  Immortal  
  76  7:17  Immortal  
  84  7:24  Probe x3 (Chrono Boost)  
  84  7:27  High Templar x3  
  93  7:34  Psionic Storm  
  93  7:35  Gateway  
  93  7:37  Gateway  
  93  7:38  Probe (Chrono Boost)  
  93  7:40  Probe (Chrono Boost)  
  95  7:48  Pylon  
  95  7:57  Warp Prism  
  95  8:00  Immortal  
  95  8:04  Charge  
  101  8:09  High Templar  
  103  8:17  Zealot x3, Pylon, High Templar  
  111  8:20  Pylon  
  111  8:21  Pylon  
  111  8:28  High Templar  
  111  8:30  Zealot  
  111  8:33  Immortal  
  123  8:52  Zealot x4  
  123  8:53  Zealot  
  112  9:02  Zealot x2  
  106  9:07  Pylon  
  106  9:09  Pylon  
  108  9:10  Protoss Ground Weapons Level 2, Pylon  
  108  9:12  Pylon x2  
  108  9:13  Pylon  
  108  9:15  Zealot  
  109  9:20  Pylon  
  109  9:26  Mothership Core (Chrono Boost)  
  109  9:29  High Templar x2  
  119  9:31  Zealot x4  
  119  9:33  Archon  
  119  9:34  Zealot  
  129  9:42  Immortal, Archon  
  129  9:43  Archon  
  117  9:50  Zealot  
  113  9:55  High Templar x4  
  113  9:56  Zealot  
  121  10:05  Zealot x2  
  125  10:12  Gateway  
  125  10:13  Gateway  
  125  10:17  High Templar  
  125  10:18  Immortal, High Templar  
  129  10:21  Nexus  
  129  10:23  Pylon  
  129  10:27  Zealot, Pylon  
  134  10:37  Zealot x4  
  142  10:48  High Templar x2  
  146  10:53  Pylon  
  146  10:54  Immortal  
  146  10:57  Archon, Pylon  
  146  11:02  High Templar x2  
  154  11:07  Archon  
  154  11:08  Photon Cannon  
  154  11:10  Zealot x2  
  154  11:11  Protoss Ground Weapons Level 3, Zealot x2  
  162  11:19  Photon Cannon  
  162  11:21  High Templar x2  
  162  11:25  Archon  
  166  11:32  Immortal  
  168  11:46  Assimilator  
  168  11:50  Probe x2 (Chrono Boost), Assimilator  
  168  11:51  Probe x2 (Chrono Boost)  
  172  12:06  Immortal, Probe (Chrono Boost)  
  172  12:07  Probe (Chrono Boost)  
  172  12:08  Probe x2 (Chrono Boost), High Templar  
  164  12:09  High Templar  
  164  12:13  Archon  
  172  12:17  Photon Cannon  
  172  12:20  Photon Cannon  
  172  12:23  High Templar x2  
  172  12:25  Zealot x5  
  172  12:26  Zealot  
  172  12:27  Archon  
  188  12:34  Photon Cannon  
  166  12:56  Archon  
  134  13:03  High Templar x4  
  134  13:05  Zealot x6  
  148  13:09  Probe (Chrono Boost)  
  148  13:10  Probe x2 (Chrono Boost)  
  148  13:11  Immortal, Probe (Chrono Boost)  
  144  13:25  Probe (Chrono Boost)  
  144  13:26  Probe x3 (Chrono Boost)  
  148  13:30  High Templar  
  148  13:31  High Templar  
  148  13:32  High Templar  
  148  13:33  Protoss Ground Armor Level 1  
  154  13:35  Archon  
  154  13:38  Probe (Chrono Boost)  
  154  13:39  Probe x3 (Chrono Boost)  
  158  13:45  Warp Prism  
  158  13:51  High Templar  
  158  13:52  High Templar  
  164  13:55  Archon  
  164  13:58  High Templar x2  
  164  14:01  Photon Cannon  
  168  14:03  Photon Cannon  
  168  14:07  Archon  
  168  14:08  Zealot x3  
  168  14:09  Zealot  
  152  14:18  Immortal, Archon  
  152  14:19  Archon x2  
  152  14:20  Zealot x2  
  148  14:31  High Templar x3  
  136  14:53  Zealot x5, High Templar x2  
  136  14:55  Immortal  
  154  15:10  High Templar  
  156  15:18  Zealot x7  
  168  15:25  High Templar x2  
  166  15:29  Immortal, Archon  
  170  15:40  Photon Cannon  
  170  15:42  Photon Cannon  
  170  15:48  High Templar x2  
  170  15:49  Zealot x6  
  186  15:53  Archon  
  186  16:04  Archon  
  150  16:06  Zealot x2  
  146  16:12  Zealot x3  
  146  16:13  Zealot x3  
Show
View Real Time Build Order
Export as new Build Order

soO Zerg 

Build Orders: Pool First 

Get SALT Encoding   

  12  0:18  Spawning Pool  
  11  0:22  Drone  
  11  0:28  Drone  
  13  0:31  Drone  
  14  0:40  Overlord  
  14  1:04  Zergling x4  
  14  1:05  Zergling x2  
  17  1:16  Hatchery  
  16  1:20  Drone  
  17  1:28  Drone  
  18  1:38  Queen  
  20  1:41  Drone  
  21  1:48  Overlord  
  21  2:00  Drone  
  22  2:06  Extractor  
  21  2:13  Drone  
  21  2:14  Queen  
  24  2:21  Drone  
  25  2:28  Drone  
  26  2:30  Queen  
  26  2:35  Drone  
  29  2:40  Drone  
  30  2:44  Drone  
  30  2:48  Overlord  
  30  2:50  Drone  
  32  2:51  Drone  
  32  2:54  Drone  
  34  3:01  Drone x2  
  36  3:12  Metabolic Boost  
  36  3:15  Drone  
  36  3:16  Drone  
  38  3:21  Drone  
  38  3:22  Drone x2  
  38  3:24  Drone  
  41  3:34  Drone x2  
  41  3:36  Spore Crawler  
  42  3:42  Hatchery  
  41  3:49  Drone x2  
  41  3:50  Overlord  
  40  4:02  Drone  
  40  4:03  Drone x3  
  40  4:06  Overlord  
  43  4:10  Evolution Chamber  
  43  4:13  Drone x2  
  44  4:18  Queen  
  44  4:21  Drone  
  44  4:22  Drone x2  
  49  4:24  Drone x2  
  49  4:27  Drone  
  49  4:28  Drone  
  53  4:34  Overlord  
  53  4:35  Drone  
  53  4:37  Zerg Melee Weapons Level 1  
  54  4:43  Drone x2  
  54  4:45  Spore Crawler, Drone  
  56  4:54  Zergling x10  
  56  4:59  Zergling x4  
  63  5:00  Queen  
  63  5:09  Zergling x4  
  63  5:10  Zergling x6  
  66  5:20  Overlord  
  66  5:21  Overlord  
  65  5:27  Overlord  
  65  5:29  Zergling x2  
  66  5:40  Drone x2  
  66  5:41  Drone x2  
  66  5:42  Drone x3  
  73  5:45  Lair  
  73  5:46  Drone  
  74  5:50  Drone x3  
  74  5:51  Drone x4  
  74  5:54  Drone  
  74  5:57  Extractor, Drone  
  83  5:58  Drone  
  83  5:59  Baneling Nest  
  83  6:02  Extractor  
  80  6:09  Drone x2  
  80  6:10  Drone  
  77  6:14  Drone x3  
  78  6:18  Extractor  
  78  6:19  Extractor, Hatchery  
  78  6:21  Drone x2  
  78  6:23  Drone  
  78  6:25  Drone  
  79  6:29  Drone x2  
  79  6:30  Overlord  
  81  6:34  Drone  
  81  6:35  Spore Crawler  
  81  6:36  Zergling x4  
  81  6:37  Zergling x4  
  84  6:49  Hydralisk Den  
  84  6:52  Drone x3  
  84  6:53  Drone  
  84  7:00  Drone  
  84  7:01  Drone  
  84  7:10  Zergling x16  
  84  7:14  Overlord  
  84  7:15  Overlord  
  90  7:20  Overlord  
  89  7:23  Overseer  
  89  7:31  Hydralisk, Hatchery  
  89  7:32  Muscular Augments, Hydralisk x9  
  89  7:35  Drone  
  109  7:37  Extractor  
  109  7:38  Overlord  
  109  7:42  Centrifical Hooks  
  108  7:47  Zergling x8  
  112  7:54  Zerg Melee Weapons Level 2  
  112  7:56  Hatchery  
  112  8:02  Zergling x2  
  112  8:03  Zergling x20, Overseer  
  123  8:08  Overlord  
  123  8:19  Zergling x16  
  131  8:22  Baneling  
  131  8:23  Baneling x12  
  131  8:24  Baneling  
  131  8:25  Baneling x5  
  131  8:27  Zergling x10  
  136  8:39  Baneling x4  
  135  8:42  Zergling x16  
  107  9:03  Zergling x30  
  122  9:11  Hydralisk x4  
  122  9:14  Baneling x14  
  122  9:15  Drone  
  131  9:19  Drone x3  
  134  9:25  Zergling x4  
  134  9:29  Baneling x4  
  136  9:34  Baneling  
  136  9:37  Zergling x2  
  136  9:38  Zergling x12  
  143  9:39  Baneling x2  
  111  9:50  Hydralisk x3  
  111  9:51  Zergling x12  
  110  9:56  Hydralisk x3  
  110  9:59  Zergling x6  
  118  10:02  Baneling x6  
  118  10:03  Baneling  
  118  10:05  Hydralisk  
  118  10:06  Zergling x2  
  122  10:07  Zergling x2  
  122  10:13  Zerg Ground Armor Level 1  
  122  10:14  Drone x3  
  122  10:17  Hydralisk x2  
  129  10:23  Zergling x2  
  129  10:24  Zergling x12  
  136  10:29  Drone  
  136  10:30  Overlord  
  136  10:34  Drone  
  139  10:35  Drone  
  139  10:42  Zergling x10  
  144  10:46  Overlord  
  144  10:47  Overlord  
  144  10:49  Overlord, Hatchery  
  143  10:54  Zergling x12  
  149  11:00  Baneling  
  149  11:01  Baneling x2  
  149  11:02  Zergling x14  
  156  11:06  Drone x4  
  160  11:12  Baneling  
  160  11:13  Baneling x13  
  160  11:21  Zergling x16  
  168  11:31  Zergling x2  
  168  11:32  Zergling x18  
  178  11:41  Baneling x13  
  178  11:42  Baneling x8  
  178  11:47  Zergling x2  
  178  11:48  Zergling x6  
  178  11:49  Baneling x6  
  182  11:57  Baneling x10  
  175  12:12  Drone x4  
  175  12:13  Zergling x16  
  175  12:15  Overlord x2  
  187  12:16  Zerg Ground Armor Level 2  
  187  12:19  Baneling  
  187  12:20  Baneling x11  
  187  12:21  Baneling x2  
  187  12:23  Baneling x2  
  187  12:26  Overlord x2  
  187  12:29  Infestation Pit  
  186  12:31  Drone  
  186  12:33  Overlord  
  186  12:35  Zergling x4  
  186  12:36  Zergling x8  
  193  12:38  Baneling x3  
  193  12:39  Baneling x4  
  193  12:43  Extractor, Zergling x10  
  197  12:46  Baneling x7  
  130  13:01  Zergling x8  
  130  13:02  Zergling x32  
  144  13:07  Hydralisk x2  
  144  13:08  Zergling x6  
  145  13:15  Zergling x16  
  145  13:16  Zergling x2  
  145  13:19  Baneling x4  
  153  13:20  Zergling x6  
  153  13:27  Baneling x2  
  156  13:28  Baneling x13  
  156  13:29  Zergling x6  
  156  13:33  Zergling x6  
  162  13:36  Overseer  
  162  13:37  Baneling x6  
  162  13:38  Zergling x6  
  162  13:39  Zergling x2  
  162  13:41  Zergling x2, Drone  
  167  13:46  Zergling x4  
  167  13:48  Baneling x8  
  170  13:51  Baneling x2  
  170  13:52  Drone  
  171  13:57  Baneling x5  
  171  14:00  Zergling x12  
  177  14:03  Baneling x4  
  177  14:04  Hatchery  
  174  14:10  Zergling x16  
  174  14:12  Baneling x3  
  150  14:20  Zergling x20  
  150  14:22  Hydralisk  
  150  14:24  Zergling x2  
  142  14:26  Baneling x4  
  142  14:27  Zergling x6  
  142  14:29  Zergling x4  
  146  14:32  Baneling x6  
  146  14:35  Zergling x4  
  146  14:36  Baneling x4  
  142  14:40  Zergling x6  
  122  14:53  Zergling x22  
  122  14:55  Baneling x3  
  133  15:02  Baneling  
  133  15:03  Baneling x10  
  133  15:04  Zergling x2  
  134  15:10  Zergling x8  
  135  15:14  Zergling x4  
  135  15:15  Zergling x4  
  135  15:19  Zergling x8  
  143  15:22  Zergling x4  
  143  15:27  Baneling x6  
  143  15:28  Zergling x4  
  146  15:30  Zergling x4  
  146  15:32  Overseer  
  146  15:35  Zergling x8  
  152  15:42  Zergling x12  
  158  15:48  Zergling x10  
  163  15:52  Baneling x3  
  163  15:53  Baneling x6  
  155  16:00  Zergling x2  
  155  16:01  Zergling x8  
Tags
 
Add a new tag
Caveats
  • Supply blocks, unpowered buildings, or Contaminate may cause inaccurate times.
  • Supply counts are checked every 10 seconds.